[Event "Early-Titled-Tuesday-Blitz-August-29-2023"]
[Site "Chess.com"]
[Date "2023.08.29"]
[Round "4"]
[White "nitpicker"]
[Black "AdvanceGuard4"]
[Result "0-1"]
[WhiteElo "2300"]
[BlackElo "2624"]
[TimeControl "180+1"]
[EndTime "8:39:04 PDT"]
[Termination "AdvanceGuard4 won by resignation"]

1. d4 d5 2. c4 dxc4 3. e4 e5 4. Nf3 exd4 5. Qxd4 Qxd4 6. Nxd4 Bc5 7. Nc2 Be6 8. Nba3 Nf6 9. f3 Nc6 10. Bxc4 Bxc4 11.
Nxc4 O-O-O 12. Be3 Bxe3 13. N4xe3 Ne5 14. Ke2 Nd3 15. b3 Nf4+ 16. Ke1 Rhe8 17. g3 Nd3+ 18. Ke2 g6 19. Rad1 Ne5 20. Rxd8+ Rxd8 21. Rd1 Rxd1 22. Nxd1 c5 23. h3 Nc6 24. Ke3 Kd7 25. Nc3 Ke6 26.
f4 h5 27. Kf3 b6 28. g4 hxg4+ 29. hxg4 g5 30. Ne2 gxf4 31. Nxf4+ Kd6 32. Nd3 Ne5+ 33. Nxe5 Kxe5 34. g5 Nxe4 35. Kg4 Nc3 36. a3 Nd5 37. Ne1 Ke4 38. Ng2 b5 39. Nh4 c4 40. bxc4 bxc4 0-1

[Event "Early-Titled-Tuesday-Blitz-August-29-2023"]
[Site "Chess.com"]
[Date "2023.08.29"]
[Round "4"]
[White "JoliyRoger"]
[Black "HrvojeZagreb"]
[Result "1-0"]
[WhiteElo "2498"]
[BlackElo "2286"]
[TimeControl "180+1"]
[EndTime "8:39:05 PDT"]
[Termination "JoliyRoger won on time"]

1. d4 d5 2. c4 e6 3. Nc3 f5 4. Bf4 c6 5. g3 Nf6 6. Bg2 Be7 7. Nf3 O-O 8. O-O Ne4 9. Qc2 b6 10. Rac1 Bb7 11. Rfd1 Nd7 12. Ne5 Nxe5 13. Bxe5 Bf6 14.
Bxf6 Qxf6 15. e3 Rac8 16. Ne2 g5 17. f3 Nd6 18. c5 Nc4 19. Qc3 bxc5 20. b3 cxd4 21.
exd4 Nd6 22. Qc5 e5 23. dxe5 Qxe5 24. Nd4 Qf6 25. Re1 Rfe8 26. Rxe8+ Rxe8 27. Nxc6 Bxc6 28. Qxc6 Qe5 29. f4 Qe3+ 30. Kh1 Kg7 31. Bxd5 Ne4 32. Bxe4 Qxe4+ 33. Qxe4 fxe4 34. fxg5 1-0

[Event "Early-Titled-Tuesday-Blitz-August-29-2023"]
[Site "Chess.com"]
[Date "2023.08.29"]
[Round "4"]
[White "chesslh19"]
[Black "nassimzrikem"]
[Result "1-0"]
[WhiteElo "2326"]
[BlackElo "2088"]
[TimeControl "180+1"]
[EndTime "8:39:05 PDT"]
[Termination "chesslh19 won by resignation"]

1. e4 c5 2. Nf3 d6 3. d4 cxd4 4. Nxd4 Nf6 5. Nc3 g6 6. Be3 Bg7 7. f3 O-O 8. Qd2 Nc6 9. O-O-O Bd7 10. Kb1 Rc8 11. g4 h5 12. gxh5 Nxh5 13. Rg1 Ne5 14.
Bh6 b5 15. Bxg7 Nxg7 16. Ndxb5 Nxf3 17. Qf2 Nxg1 18. Qxg1 a6 19. Na3 Rxc3 20. bxc3 Qa5 21. Nc4 Rb8+ 22. Kc1 Qxc3 23. Qd4 Qb4 24. Qb2 Qxb2+ 25.
Nxb2 Ne6 26. Bxa6 Ra8 27. Bc4 Nc5 28. Bb3 Kg7 29. Nd3 Nxe4 30. Bd5 Ra4 31. Nb2 Rb4 32.
a3 Rxb2 33. Kxb2 Nf2 34. Rf1 Ng4 35. Rxf7+ Kh6 36. Rxe7 Bf5 37. a4 Nf2 38. a5 Ng4 39. a6 Nxh2 40. a7 g5 41. a8=Q 1-0

[Event "Early-Titled-Tuesday-Blitz-August-29-2023"]
[Site "Chess.com"]
[Date "2023.08.29"]
[Round "4"]
[White "PattyCastillo"]
[Black "Preobrazhenska_D2011"]
[Result "0-1"]
[WhiteElo "1929"]
[BlackElo "2283"]
[TimeControl "180+1"]
[EndTime "8:39:05 PDT"]
[Termination "Preobrazhenska_D2011 won on time"]

1. d4 Nf6 2. Nf3 b6 3. e3 e6 4. Bd3 Bb7 5. Nbd2 d5 6. O-O Bd6 7. b3 O-O 8. Bb2 c5 9. Ne5 Nc6 10. f4 cxd4 11. exd4 Ne7 12. Qe2 Qc7 13. a3 a6 14. c4 Qb8 15. g4 Qc7 16. g5 Nd7 17. Rac1 Qd8 18. Rf3 Bxe5 19. Bxh7+ Kxh7 20. Rh3+ Kg8 21. Qh5 f5 22. dxe5 Qe8 23. Qh7+ Kf7 24. Qh5+ Ng6 25.
Nf3 Rh8 0-1

[Event "Early-Titled-Tuesday-Blitz-August-29-2023"]
[Site "Chess.com"]
[Date "2023.08.29"]
[Round "4"]
[White "jasrom"]
[Black "Iskusnyh"]
[Result "0-1"]
[WhiteElo "2415"]
[BlackElo "2627"]
[TimeControl "180+1"]
[EndTime "8:39:07 PDT"]
[Termination "Iskusnyh won on time"]

1. e4 e6 2. d4 d5 3. e5 c5 4. c3 Nc6 5. Nf3 Nge7 6. Bd3 cxd4 7. cxd4 Nf5 8. Bxf5 exf5 9. Nc3 Be6 10. O-O Be7 11. Be3 g5 12. g3 f4 13. gxf4 gxf4 14. Bxf4 Bh3 15. Re1 Rg8+ 16. Bg3 h5 17. Qb3 h4 18.
Qxb7 Rc8 19. Rac1 hxg3 20. hxg3 Bg4 21. Nh2 Nxd4 22. Nxg4 Rxg4 23. Kg2 Ne6 24. Nxd5 Rb8 25. Qc6+ Kf8 26. Ne3 Rd4 27. Red1 Rxb2 28. Rxd4 Qxd4 29. Qf3 Rb8 30. Nf5 Qxe5 0-1

[Event "Early-Titled-Tuesday-Blitz-August-29-2023"]
[Site "Chess.com"]
[Date "2023.08.29"]
[Round "4"]
[White "Veleamater"]
[Black "pankajfm"]
[Result "1-0"]
[WhiteElo "2326"]
[BlackElo "2096"]
[TimeControl "180+1"]
[EndTime "8:39:07 PDT"]
[Termination "Veleamater won by checkmate"]

1. g3 d5 2. Bg2 e5 3. d3 Nc6 4. Nf3 Be6 5. O-O Qd7 6. h4 O-O-O 7. a3 Bd6 8. b4 Bh3 9. Bb2 Bxg2 10.
Kxg2 e4 11. Nd4 Nxd4 12. Bxd4 Nf6 13. Nc3 Rde8 14. dxe4 Nxe4 15. e3 Be5 16. Nxe4 dxe4 17. c4 f5 18. Bxe5 Rxe5 19. Qxd7+ Kxd7 20. Rfd1+ Ke7 21. c5 Rd8 22. Rxd8 Kxd8 23. Rd1+ Ke7 24. h5 h6 25. Kh3 Re6 26. Rd5 Rf6 27. g4 fxg4+ 28. Kxg4 Rxf2 29. Re5+ Kf6 30. Rxe4 Ra2 31. Rf4+ Ke6 32.
Re4+ Kf6 33. Rd4 Rxa3 34. Kf4 Ra1 35. Rd7 Rf1+ 36. Ke4 Rb1 37. Rxc7 Rxb4+ 38. Kd5 Rb3 39. e4 Rd3+ 40. Kc4 Re3 41. Kd4 Re1 42. Rxb7 Rd1+ 43. Kc4 Rc1+ 44. Kd5 Rd1+ 45. Kc6 Re1 46. Rxa7 Rxe4 47.
Kb6 Rc4 48. c6 Ke6 49. Ra1 Rh4 50. Rc1 Rb4+ 51. Kc5 Rb8 52. c7 Rc8 53. Kc6 Kf5 54. Rg1 Kf6 55. Kd7 Ra8 56. c8=Q Rxc8 57. Kxc8 Kf7 58.
Kd8 Kg8 59. Ke8 Kh7 60. Kf7 Kh8 61. Re1 Kh7 62. Re7 Kh8 63. Re8+ Kh7 64. Rg8 g5 65.
hxg6# 1-0

[Event "Early-Titled-Tuesday-Blitz-August-29-2023"]
[Site "Chess.com"]
[Date "2023.08.29"]
[Round "4"]
[White "ViIIagra"]
[Black "WhiteKnight2612"]
[Result "0-1"]
[WhiteElo "2927"]
[BlackElo "2831"]
[TimeControl "180+1"]
[EndTime "8:39:08 PDT"]
[Termination "WhiteKnight2612 won on time"]

1. d4 Nf6 2. Nf3 g6 3. Nbd2 d5 4. Nb3 Bg7 5. Bf4 O-O 6. h3 a5 7.
a4 b6 8. e3 Ba6 9. Bxa6 Nxa6 10. O-O Nd7 11. Qe2 Re8 12. Rfd1 Qc8 13. c4 e6 14. Rac1 c6 15. e4 dxe4 16. Qxe4 Nb4 17.
Rd2 Qa6 18. Ne5 Nxe5 19. dxe5 Rad8 20. Rcd1 Rxd2 21. Rxd2 Bf8 22. Bg5 b5 23. Rd7 Qc8 24.
Ra7 Qb8 25. Rxa5 bxc4 26. Qxc4 Nd5 27. Bf6 Qb7 28. Nd4 Qxb2 29. Nxc6 Nxf6 30. exf6 Qa1+ 31.
Qf1 Qxf6 32. Ra7 e5 33. Qc4 e4 34. Nd4 e3 35. fxe3 Rxe3 36. Nf3 Rc3 0-1

[Event "Early-Titled-Tuesday-Blitz-August-29-2023"]
[Site "Chess.com"]
[Date "2023.08.29"]
[Round "4"]
[White "astralpulse"]
[Black "kasun_bole"]
[Result "0-1"]
[WhiteElo "2614"]
[BlackElo "2342"]
[TimeControl "180+1"]
[EndTime "8:39:08 PDT"]
[Termination "kasun_bole won on time"]

1. e4 c5 2. Nf3 d6 3. Bb5+ Nd7 4. O-O Nf6 5. Re1 a6 6. Bf1 e5 7. c3 Be7 8. d4 cxd4 9. cxd4 O-O 10. Nc3 b5 11. a3 Bb7 12. Bg5 Rc8 13. Rc1 h6 14. Bh4 exd4 15. Nxd4 Nc5 16. f3 Re8 17. Bf2 Bf8 18. Nf5 g6 19. Nd4 Bg7 20. b4 Ne6 21. Qd2 d5 22. e5 Nd7 23. f4 Nb6 24. Nxe6 fxe6 25. Qd3 Kh7 26. h4 h5 27. Qg3 Rg8 28.
Bd3 Bh6 29. Ne2 Nc4 30. Bc5 Bf8 31. Nd4 Bxc5 32. bxc5 Qe7 33. Kh2 Rxc5 34. Qh3 Rf8 35. Rf1 Nd2 36. Rfd1 Rxc1 37. Rxc1 Rxf4 38. Qxe6 Qxh4+ 39.
Kg1 Qf2+ 40. Kh2 Rh4+ 0-1

[Event "Early-Titled-Tuesday-Blitz-August-29-2023"]
[Site "Chess.com"]
[Date "2023.08.29"]
[Round "4"]
[White "Grossboss19"]
[Black "HackWithBlack"]
[Result "0-1"]
[WhiteElo "2506"]
[BlackElo "2376"]
[TimeControl "180+1"]
[EndTime "8:39:08 PDT"]
[Termination "HackWithBlack won on time"]

1. e4 c6 2. e5 d5 3. exd6 exd6 4.
d4 Nf6 5. h3 Bf5 6. Nc3 d5 7.
Bg5 Bd6 8. Qd2 Nbd7 9. O-O-O Qa5 10. Re1+ Kf8 11. g4 Bg6 12. Nf3 Bb4 13. Bh4 Ne4 14. Qf4 Nxc3 15. bxc3 Qa3+ 16. Kb1 Qxc3 17. Qc1 Qxf3 18. Be2 Qc3 19. Bd1 Ba3 20. Re3 Qb4+ 21.
Rb3 Qxb3+ 22. axb3 Bxc1 23. Kxc1 f6 24. f4 Be4 25.
Rg1 Kf7 26. Bg3 Rhe8 27. f5 Rac8 28. Rf1 c5 29. dxc5 Nxc5 30. Kb2 a5 31. Be2 b6 32. Bb5 Red8 33. h4 Bxc2 34. g5 Bd3 35. Bxd3 Nxd3+ 36. Ka3 b5 37. Rf3 Ne5 38. Re3 d4 39. Re4 d3 40.
g6+ hxg6 41. fxg6+ Kxg6 42. h5+ Kxh5 43. Bxe5 fxe5 44.
b4 axb4+ 45. Kb3 Rc3+ 46. Kb2 d2 47. Rxe5+ Kh6 48. Re6+ g6 0-1

[Event "Early-Titled-Tuesday-Blitz-August-29-2023"]
[Site "Chess.com"]
[Date "2023.08.29"]
[Round "4"]
[White "MusicCityMaster"]
[Black "chito89"]
[Result "0-1"]
[WhiteElo "2432"]
[BlackElo "2841"]
[TimeControl "180+1"]
[EndTime "8:39:09 PDT"]
[Termination "chito89 won on time"]

1. e4 e5 2. d4 exd4 3. Qxd4 Nc6 4. Qe3 Nf6 5. Bd2 b6 6. c4 Bc5 7. Qf4 O-O 8. Nc3 Re8 9. O-O-O d6 10. f3 a5 11. h4 a4 12. a3 Nh5 13.
Qh2 Ne5 14. g4 Bxg1 15. Qxg1 Nxf3 16. Qg2 Nxd2 17. gxh5 Nb3+ 18. Kb1 Bb7 19. h6 g6 20. Bd3 Qf6 21. h5 Re5 22. hxg6 hxg6 23. Rdf1 Qe7 24. h7+ Kh8 25. Qf2 Rf8 26. Ka2 Nc5 27. Bc2 Nxe4 28. Bxe4 Bxe4 29. Rh4 Bc6 30. Qd4 f6 31. Rg1 g5 32. Rh6 Qg7 33. Rh2 Rfe8 34. Qf2 Qf7 35.
Rh6 Qxc4+ 36. Ka1 Qf4 37. Qxf4 gxf4 38. Rxf6 Re1+ 39. Rxe1 Rxe1+ 40. Ka2 f3 41. Rf7 d5 42. b4 d4 43. Nb1 Bd5+ 44. Kb2 Bxf7 45. Nd2 f2 0-1

[Event "Early-Titled-Tuesday-Blitz-August-29-2023"]
[Site "Chess.com"]
[Date "2023.08.29"]
[Round "4"]
[White "Dmitry_Konenkin"]
[Black "subham777"]
[Result "1-0"]
[WhiteElo "2396"]
[BlackElo "2515"]
[TimeControl "180+1"]
[EndTime "8:39:10 PDT"]
[Termination "Dmitry_Konenkin won on time"]

1. d4 d5 2. Bg5 Nf6 3. Nd2 e6 4. e4 dxe4 5. Nxe4 Be7 6. Bxf6 Bxf6 7. Nf3 O-O 8. Qd3 h6 9. O-O-O Bd7 10. h4 Bc6 11. g4 Qd5 12. Nxf6+ gxf6 13. Be2 Qxa2 14. g5 Qa1+ 15. Kd2 Qa5+ 16. c3 f5 17. gxh6 Kh8 18.
Rhg1 Nd7 19. Rg7 Rad8 20. Ng5 Nf6 21. f3 Qb6 22. Kc1 Rd7 23. Rg1 Qa5 24. Kb1 Bd5 25.
c4 Bc6 26. Qe3 Qb6 27. c5 Qb4 28. Rd1 Ba4 29. Qe5 Bxd1 30. Qxf6 Qxd4 31. Rh7+ 1-0

[Event "Early-Titled-Tuesday-Blitz-August-29-2023"]
[Site "Chess.com"]
[Date "2023.08.29"]
[Round "4"]
[White "vovachesss"]
[Black "likantrophuss"]
[Result "1-0"]
[WhiteElo "2799"]
[BlackElo "2541"]
[TimeControl "180+1"]
[EndTime "8:39:12 PDT"]
[Termination "vovachesss won on time"]

1. e4 e5 2. f4 exf4 3. Bc4 Qh4+ 4. Kf1 d5 5. Bxd5 Nf6 6. Nf3 Qh5 7. Bb3 Be6 8. d3 Bxb3 9. axb3 g5 10. e5 Nd5 11.
Qe2 Nc6 12. Qe4 O-O-O 13. Qf5+ Rd7 14. Qxg5 Qxg5 15. Nxg5 Nxe5 16. Rxa7 Kb8 17. Ra4 Bh6 18. Nf3 Nxf3 19. gxf3 Re8 20. Re4 Rde7 21. Nc3 Rxe4 22. fxe4 Nb4 23. Rg1 Nxc2 24. Rg4 f5 25. Rh4 Bg5 26.
Rxh7 Nb4 27. h4 Bf6 28. Bxf4 Bxc3 29. Bxc7+ Ka7 30. bxc3 Nxd3 31. exf5 Rf8 32. b4 Rxf5+ 33. Ke2 Nb2 34. Rg7 Rh5 35. Rg5 1-0

[Event "Early-Titled-Tuesday-Blitz-August-29-2023"]
[Site "Chess.com"]
[Date "2023.08.29"]
[Round "4"]
[White "Andreikka"]
[Black "FormerProdigy"]
[Result "1-0"]
[WhiteElo "3032"]
[BlackElo "2880"]
[TimeControl "180+1"]
[EndTime "8:39:13 PDT"]
[Termination "Andreikka won by resignation"]

1. Nf3 Nf6 2. g3 d5 3. Bg2 g6 4.
O-O Bg7 5. d4 O-O 6. c4 c6 7.
Ne5 Ng4 8. Nxg4 Bxg4 9. cxd5 cxd5 10. h3 Bd7 11. Nc3 Nc6 12. Nxd5 Bxh3 13. Bxh3 Qxd5 14.
e3 e5 15. Bg2 Qd6 16. Qb3 exd4 17. Qxb7 Rac8 18. Rd1 Rfd8 19. Bd2 Qc7 20. Qxc7 Rxc7 21. exd4 Nxd4 22. Ba5 Rdc8 23. Bxc7 Rxc7 24. Kf1 h5 25. Rac1 Re7 26. Rd2 Kh7 27. Rc4 Nf5 28. b4 Be5 29. Rd3 Bf6 30. a4 h4 31. gxh4 Bxh4 32. Bh3 Bf6 33.
Bxf5 gxf5 34. b5 Kg6 35. a5 Be5 36. Re3 Kf6 37. b6 axb6 38. axb6 Rb7 39. Rc6+ 1-0

[Event "Early-Titled-Tuesday-Blitz-August-29-2023"]
[Site "Chess.com"]
[Date "2023.08.29"]
[Round "4"]
[White "igorkovalenko"]
[Black "Frolyanov_D"]
[Result "1-0"]
[WhiteElo "2949"]
[BlackElo "2604"]
[TimeControl "180+1"]
[EndTime "8:39:13 PDT"]
[Termination "igorkovalenko won by resignation"]

1. c4 e6 2. Nf3 d5 3. b3 Nf6 4.
Bb2 Be7 5. g3 O-O 6. Bg2 b6 7.
O-O Bb7 8. e3 Nbd7 9. Qe2 a5 10.
Nc3 Nc5 11. cxd5 exd5 12. d3 a4 13. b4 a3 14. bxc5 axb2 15. Qxb2 Bxc5 16. a4 d4 17.
exd4 Bxd4 18. Ra3 Bxf3 19. Bxf3 Ra5 20. Qc2 Rc5 21. Qd2 Rf5 22. Bg2 Ng4 23. Ne4 Ne5 24.
Qd1 h5 25. Kh1 h4 26. f4 Ng6 27. Ng5 Rxg5 28. fxg5 hxg3 29. Qh5 Qd6 30. Ra2 Nf4 31.
Qg4 Nxd3 32. hxg3 Qc5 33. Kh2 Qc4 34. Kh3 Qxa2 35. Qxd4 Nc5 36. Bd5 Qe2 37. Rf3 Ne6 38. Qg4 Qe5 39. Rf5 Qe3 40. g6 Qh6+ 41. Rh5 Qe3 42.
gxf7+ Rxf7 43. Qxe6 1-0

[Event "Early-Titled-Tuesday-Blitz-August-29-2023"]
[Site "Chess.com"]
[Date "2023.08.29"]
[Round "4"]
[White "KejJaj"]
[Black "viktorgen2021"]
[Result "0-1"]
[WhiteElo "2167"]
[BlackElo "2456"]
[TimeControl "180+1"]
[EndTime "8:39:13 PDT"]
[Termination "viktorgen2021 won by resignation"]

1. d4 Nf6 2. Bf4 b6 3. e3 Bb7 4. Nf3 e6 5. Bd3 Be7 6. Nbd2 O-O 7. O-O d6 8. h3 c5 9. c3 Ba6 10. Bxa6 Nxa6 11. Qe2 Qc8 12. Nc4 Rd8 13. Rac1 Qb7 14. Rfe1 b5 15. Ncd2 b4 16. c4 Ne4 17. b3 Nc3 18.
Qd3 Nxa2 19. Ra1 Nc3 20. Nb1 Nxb1 21. Qxb1 Nc7 22. Ra5 a6 23. Ng5 g6 24. Ne4 Qb6 25.
Qa1 cxd4 26. exd4 Ne8 27. Bg5 Bxg5 28. Nxg5 Ng7 29. h4 h5 30. g3 Nf5 31. Rxf5 exf5 32. Re7 Ra7 33. Qe1 Rxe7 34. Qxe7 Rf8 35. c5 dxc5 36. dxc5 Qd8 37. Qe5 Qd1+ 38. Kh2 Qxb3 39.
Nf3 Qc2 40. Qe3 b3 41. Kg2 b2 42. Qh6 Qe4 43. Qd2 b1=Q 0-1

[Event "Early-Titled-Tuesday-Blitz-August-29-2023"]
[Site "Chess.com"]
[Date "2023.08.29"]
[Round "4"]
[White "Verony64"]
[Black "Let_it_be_1"]
[Result "0-1"]
[WhiteElo "2281"]
[BlackElo "2624"]
[TimeControl "180+1"]
[EndTime "8:39:14 PDT"]
[Termination "Let_it_be_1 won by resignation"]

1. e4 e6 2. Nc3 d5 3. e5 c5 4. f4 Nc6 5. Nf3 f5 6. d3 d4 7. Ne2 Nge7 8. g3 Nd5 9. Bg2 b6 10. O-O Bb7 11. Ng5 Qd7 12. c4 dxc3 13. bxc3 Be7 14. Nf3 O-O-O 15. a4 Na5 16. Rf2 Kb8 17. Ne1 h6 18. Bd2 g5 19. c4 Nb4 20. d4 Bxg2 21.
Rxg2 Nxc4 22. Bc1 cxd4 23. Nd3 Ne3 24. Bxe3 dxe3 25. Nb2 Qxd1+ 26. Rxd1 Rd2 27. Rxd2 exd2 28. Nc3 Rd8 29. Nbd1 Rd3 30. Kf1 Nd5 31. Ke2 Rxc3 32. Nxc3 Nxc3+ 33. Kxd2 Nxa4 34. Kc2 g4 35. h3 h5 36.
hxg4 hxg4 37. Rh2 Kc7 38. Rh7 Kd7 39. Kb3 Nc5+ 40. Kc4 Ne4 41. Kb5 Nxg3 42. Ka6 Ne2 43. Rh2 Nxf4 44. Kxa7 g3 45. Rd2+ Kc6 46. Ka6 g2 47. Rc2+ Bc5 48. Rc1 b5 0-1

[Event "Early-Titled-Tuesday-Blitz-August-29-2023"]
[Site "Chess.com"]
[Date "2023.08.29"]
[Round "4"]
[White "Sina_Movahed"]
[Black "TanitoluwaAps116"]
[Result "1-0"]
[WhiteElo "2977"]
[BlackElo "2763"]
[TimeControl "180+1"]
[EndTime "8:39:16 PDT"]
[Termination "Sina_Movahed won by resignation"]

1. e4 c5 2. Nf3 e6 3. d4 cxd4 4.
Nxd4 Nc6 5. Nc3 Nf6 6. Nxc6 bxc6 7. e5 Nd5 8. Ne4 Qc7 9. f4 Rb8 10. a3 Qb6 11. Bd3 f5 12. exf6 gxf6 13. Qh5+ Kd8 14. c4 Qd4 15. Qe2 f5 16. Ng5 Nxf4 17. Nf7+ Ke7 18.
Bxf4 Qxf4 19. Nxh8 Bg7 20. Rb1 Bxh8 21. g3 Qd4 22.
Bxf5 Rb3 23. Rd1 Qc5 24. Bd3 Rxb2 25. Qf3 Bc3+ 26. Kf1 Bd4 27. Be2 Ba6 28. Qd3 Rxe2 29. Qxd4 Qxd4 30. Rxd4 Rc2 31. Rg1 Bxc4+ 32. Ke1 Bd5 33. g4 c5 34. Rd2 Rc1+ 35. Kf2 Rc3 36. Rg3 Rc4 37. h4 Rf4+ 38. Ke3 Re4+ 39. Kf2 c4 40. g5 Rxh4 41. Ke3 Re4+ 42. Kf2 Rf4+ 43. Ke3 Re4+ 44. Kf2 d6 45. Rb2 Rf4+ 46. Ke3 Re4+ 47. Kd2 e5 48. Kc3 Ke6 49. Rh2 Rf4 50. Rh6+ Kd7 51.
Rxh7+ Kc6 52. g6 Be6 53. g7 d5 54. Rh6 d4+ 55. Kb4 Kd6 56. g8=Q 1-0

[Event "Early-Titled-Tuesday-Blitz-August-29-2023"]
[Site "Chess.com"]
[Date "2023.08.29"]
[Round "4"]
[White "brm72"]
[Black "starworld123"]
[Result "1-0"]
[WhiteElo "2554"]
[BlackElo "2778"]
[TimeControl "180+1"]
[EndTime "8:39:16 PDT"]
[Termination "brm72 won on time"]

1. e4 d6 2. d4 Nf6 3. Nc3 g6 4. Be3 a6 5. Qd2 b5 6. Bd3 Bb7 7. f3 Nbd7 8. h4 c5 9. Nh3 cxd4 10. Bxd4 Bg7 11. g4 Ne5 12. Be2 Nc6 13. Be3 h5 14. g5 Nd7 15. O-O-O Rc8 16. Kb1 Nde5 17. Nd5 O-O 18. Nf2 Nc4 19. Bxc4 bxc4 20. f4 c3 21. Nxc3 Na5 22. Bd4 Nc4 23. Qd3 e5 24. fxe5 Nxe5 25. Qe2 Qa5 26. Nd5 Bxd5 27. exd5 Qxd5 28. Ne4 Qe6 29. Rhf1 Rb8 30. Nf6+ Kh8 31. Rfe1 Bxf6 32. gxf6 Qxf6 33. Qxa6 Kg7 34. Bc3 Rbd8 35. a4 1-0

[Event "Early-Titled-Tuesday-Blitz-August-29-2023"]
[Site "Chess.com"]
[Date "2023.08.29"]
[Round "4"]
[White "tptagain"]
[Black "Romkachess"]
[Result "1-0"]
[WhiteElo "2879"]
[BlackElo "2551"]
[TimeControl "180+1"]
[EndTime "8:39:17 PDT"]
[Termination "tptagain won by resignation"]

1. Nf3 Nf6 2. b3 b6 3. Bb2 Bb7 4. g3 e6 5. Bg2 Be7 6. O-O O-O 7. c4 d6 8. d3 e5 9. e4 a5 10. Nc3 Nbd7 11. Qc2 Re8 12. d4 Bf8 13. Rad1 exd4 14. Nxd4 Nc5 15. Rfe1 Nfd7 16. Nd5 Ne6 17. Nxe6 fxe6 18.
Nf4 Nc5 19. e5 Bxg2 20. Kxg2 Qg5 21. h4 Qe7 22. Bd4 Qf7 23. Qe2 Rad8 24. Qg4 Qf5 25. Qxf5 exf5 26. Bxc5 bxc5 27. Nd5 dxe5 28. Nxc7 Rxd1 29.
Rxd1 Rc8 30. Rd7 e4 31. h5 Bd6 32. Nd5 Bf8 33. h6 Re8 34. hxg7 Bxg7 35. Ne7+ Kf7 36. Nxf5+ Ke6 37. Nxg7+ 1-0

[Event "Early-Titled-Tuesday-Blitz-August-29-2023"]
[Site "Chess.com"]
[Date "2023.08.29"]
[Round "4"]
[White "Oleksandr_Bortnyk"]
[Black "Mikhail_Bryakin"]
[Result "1-0"]
[WhiteElo "3028"]
[BlackElo "2828"]
[TimeControl "180+1"]
[EndTime "8:39:18 PDT"]
[Termination "Oleksandr_Bortnyk won on time"]

1. e4 d6 2. d4 g6 3. g3 Bg7 4. Bg2 e5 5. dxe5 dxe5 6. Qxd8+ Kxd8 7. Be3 c6 8. Nd2 Be6 9. O-O-O Kc7 10. f4 Nd7 11.
Ngf3 f6 12. Rhf1 Ne7 13. fxe5 Nxe5 14. Nxe5 fxe5 15. Bc5 Rae8 16. Nf3 Nc8 17. Ng5 Bh6 18. h4 Bxg5+ 19. hxg5 b6 20. Bb4 Bc4 21. Rf6 a5 22.
Bc3 Re7 23. Bh3 Rhe8 24. b3 Bg8 25. a4 Na7 26. Rfd6 Nc8 27. Rd7+ Kb8 28. Rd8 Be6 29. Bxe5+ Ka8 30. Bxe6 Rxe6 31. Bf6 Rxe4 32. R1d7 Rxd8 33.
Rxd8 Kb7 34. Rd7+ Ka6 35. Rxh7 Rg4 36. Rc7 Na7 37. Rg7 Rxg3 38. Rxg6 b5 39. Rg8 bxa4 40.
bxa4 Kb7 41. g6 Nc8 42. g7 Nd6 43. Rf8 Rg1+ 44. Kb2 Nc4+ 45. Ka2 1-0

[Event "Early-Titled-Tuesday-Blitz-August-29-2023"]
[Site "Chess.com"]
[Date "2023.08.29"]
[Round "4"]
[White "ChEsper99"]
[Black "borocotoajua"]
[Result "0-1"]
[WhiteElo "2123"]
[BlackElo "2363"]
[TimeControl "180+1"]
[EndTime "8:39:18 PDT"]
[Termination "borocotoajua won on time"]

1. e4 c6 2. Nc3 d5 3. Nf3 Bg4 4. h3 Bxf3 5. Qxf3 e6 6. d4 dxe4 7. Qe3 Nf6 8. Nxe4 Nbd7 9. Bd2 Be7 10. O-O-O O-O 11. g4 a5 12. g5 Nd5 13. Qg3 a4 14. a3 b5 15. c3 Qb6 16. Bd3 b4 17.
cxb4 Qxd4 18. Nc3 Ne5 19. Bc2 Nc4 20. Be3 Nxc3 21. Bxd4 Ne2+ 22. Kb1 Nxg3 23. fxg3 Bxg5 24. Be4 Nd2+ 25. Rxd2 Bxd2 26. Bxc6 Rac8 27. b5 Rfd8 28.
Bb6 Rd6 29. Bc5 Rdd8 30. Rd1 Ba5 31. Rxd8+ Bxd8 32. Kc2 f6 33. Kc3 Kf7 34. Kb4 Be7 35. Bxe7 Kxe7 36. Kxa4 Kd6 37. Kb4 e5 38. a4 f5 39. a5 e4 40. a6 e3 41. Bf3 Kc7 42. a7 Kb6 43. h4 Kxa7 0-1

[Event "Early-Titled-Tuesday-Blitz-August-29-2023"]
[Site "Chess.com"]
[Date "2023.08.29"]
[Round "4"]
[White "IngOscarArdila"]
[Black "zurzan"]
[Result "0-1"]
[WhiteElo "2307"]
[BlackElo "2092"]
[TimeControl "180+1"]
[EndTime "8:39:18 PDT"]
[Termination "zurzan won by resignation"]

1. d4 g6 2. c4 Bg7 3. Nf3 d6 4.
Nc3 Nd7 5. e3 e5 6. Be2 Ne7 7.
O-O O-O 8. Qc2 f5 9. dxe5 dxe5 10. Rd1 c6 11. b3 Qc7 12. Ba3 Re8 13. Bd6 Qb6 14. Na4 Qd8 15. c5 Nd5 16. Bc4 b5 17.
Bxd5+ cxd5 18. Nc3 d4 19. exd4 exd4 20. Nxd4 b4 21. Nd5 Ne5 22. Nc7 Qg5 23. Nxe8 Bb7 24. c6 Nxc6 25. Nxc6 Rxe8 26. Qc4+ Kh8 27. Be5 Bxe5 28.
f4 Bxf4 29. Re1 Be3+ 30. Kh1 Rc8 31. Qe6 Bd4 32. Rad1 Rd8 33. Re2 Bxc6 34. Qxc6 Bf6 35.
Rxd8+ Bxd8 36. Re8+ Kg7 37. Qd7+ Kh6 38. Re1 Bb6 39.
Rf1 f4 40. Qd5 Qxd5 0-1

[Event "Early-Titled-Tuesday-Blitz-August-29-2023"]
[Site "Chess.com"]
[Date "2023.08.29"]
[Round "4"]
[White "SAInt_666"]
[Black "GiorgianBarbosa"]
[Result "0-1"]
[WhiteElo "2663"]
[BlackElo "2461"]
[TimeControl "180+1"]
[EndTime "8:39:19 PDT"]
[Termination "GiorgianBarbosa won by checkmate"]

1. e4 c5 2. Nf3 g6 3. d4 cxd4 4.
Qxd4 Nf6 5. Nc3 Nc6 6. Qa4 d6 7. e5 dxe5 8. Nxe5 Bd7 9. Nxd7 Nxd7 10. g3 Bg7 11. Bg2 O-O 12. O-O Nb6 13. Qh4 Nd4 14. Bh6 Nf5 15. Bxg7 Nxh4 16. Bxf8 Nf5 17. g4 Qxf8 18.
gxf5 gxf5 19. Bxb7 Rb8 20. Bf3 Nc4 21. Kh1 Rxb2 22. Nd5 Kh8 23. Rg1 Nd2 24. Bg2 Ne4 25.
Bxe4 fxe4 26. Rae1 Rxc2 27. Re3 f5 28. Reg3 Rc8 29.
Rh3 f4 30. Rh4 f3 31. Nf4 Rc6 32. Ng6+ Rxg6 33. Rxg6 e3 34. Rgh6 exf2 35. Rxh7+ Kg8 36. Rh8+ Kg7 37. R4h7+ Kg6 38. Rh6+ Qxh6 39. Rg8+ Qg7 40.
h4 f1=Q+ 41. Kh2 Qg2# 0-1

[Event "Early-Titled-Tuesday-Blitz-August-29-2023"]
[Site "Chess.com"]
[Date "2023.08.29"]
[Round "4"]
[White "Dewarfd"]
[Black "imdvb6307"]
[Result "0-1"]
[WhiteElo "2195"]
[BlackElo "2395"]
[TimeControl "180+1"]
[EndTime "8:39:19 PDT"]
[Termination "imdvb6307 won by resignation"]

1. d4 f5 2. e3 Nf6 3. Nf3 g6 4. Be2 Bg7 5. O-O O-O 6. c4 d6 7. b4 e5 8. dxe5 Ng4 9. Bb2 c6 10. c5 Nxe5 11. Nxe5 dxe5 12. Bc4+ Kh8 13. Nd2 Qh4 14.
Qe2 b5 15. cxb6 axb6 16. Nf3 Qe7 17. a3 Be6 18. Bxe5 Bxe5 19. Nxe5 Bxc4 20. Nxc4 Nd7 21.
Rfd1 b5 22. Na5 Ne5 23. Rac1 Rf6 24. Qb2 Kg8 25. Qd4 Raf8 26. h3 f4 27. exf4 Rxf4 28. Qd6 Qg5 29. Qe6+ Kh8 30. Re1 Nf3+ 31. Kh1 Nxe1 32.
Rxe1 Rxf2 33. Qxc6 Rf1+ 34. Rxf1 Rxf1+ 35. Kh2 Qe5+ 36. g3 Qe2+ 37. Qg2 Rf2 38. Qxf2 Qxf2+ 39. Kh1 Qxg3 40. Nb7 Qxh3+ 41. Kg1 Qg3+ 42. Kh1 Qf3+ 43. Kg1 Qxb7 0-1

[Event "Early-Titled-Tuesday-Blitz-August-29-2023"]
[Site "Chess.com"]
[Date "2023.08.29"]
[Round "4"]
[White "Kezin_Roman"]
[Black "M1711"]
[Result "1-0"]
[WhiteElo "2796"]
[BlackElo "2532"]
[TimeControl "180+1"]
[EndTime "8:39:21 PDT"]
[Termination "Kezin_Roman won by resignation"]

1. b4 d5 2. Bb2 Qd6 3. a3 e5 4. e3 Nd7 5. c4 c6 6. Nf3 Ngf6 7.
cxd5 cxd5 8. Nc3 a6 9. Rc1 Be7 10. Be2 e4 11. Nd4 Ne5 12. Ncb5 axb5 13. Nxb5 O-O 14.
Nxd6 Bxd6 15. O-O Bd7 16. Qb3 Ba4 17. Qa2 Rfe8 18. Bd4 Ned7 19. Qb2 h6 20. f3 exf3 21.
Rxf3 Be5 22. Bxe5 Nxe5 23. Rff1 Ne4 24. Rc7 Nd6 25. Qd4 Bb5 26. d3 Bc6 27. Bh5 Nb5 28.
Qb6 Ra6 29. Rxc6 Rxb6 30. Rxb6 Nxa3 31. d4 g6 32. dxe5 gxh5 33. Rxb7 Rxe5 34. Rfxf7 Rxe3 35. Rfe7 Rxe7 36. Rxe7 Nc4 37. b5 Kf8 38. Rd7 Ne3 39. b6 Ke8 40. b7 Kxd7 41. b8=Q Nc4 42. Qh8 Kd6 43. Qxh6+ Ke5 44. Qxh5+ Ke4 45. Kf2 d4 46. Qf3+ Ke5 47. Ke2 Nd6 48. Kd3 Ke6 49. Kxd4 Nf5+ 50. Kd3 Nd6 51. g4 1-0